 Dungeon Crawl Stone Soup version 0.27.1-1-g398f81649c (webtiles) character file.

Game seed: 11631351545057535070

806 Mesmaeker13 the Caller (level 7, -8/46 HPs)
             Began as a Barachi Summoner on Sept 13, 2021.
             Was an Initiate of Ashenzari.
             Mangled by a gnoll sergeant (10 damage)
             ... on level 6 of the Dungeon.
             The game lasted 00:09:01 (6875 turns).

Mesmaeker13 the Caller (Barachi Summoner)           Turns: 6875, Time: 00:09:01

Health: -8/46      AC:  7    Str: 11    XL:     7   Next: 91%
Magic:  14/14      EV: 13    Int: 16    God:    Ashenzari [......]
Gold:   262        SH:  0    Dex: 12    Spells: 6/16 levels left

rFire    . . .     SeeInvis +   o - +1 quarterstaff (spect)
rCold    . . .     Faith    .   (shield currently unavailable)
rNeg     . . .     Spirit   .   t - +3 leather armour
rPois    .         Reflect  .   (no helmet)
rElec    .         Harm     .   (no cloak)
rCorr    .         Rampage  .   l - +0 pair of gloves
Will     .....                  (no boots)
Stlth    ++........             (no amulet)
HPRegen  0.15/turn              i - ring of see invisible
MPRegen  0.14/turn              (no ring)

@: unable to hop, slow
A: amphibious, slowness 1, strong legs 1, +LOS
a: Hop, Renounce Religion


You were on level 6 of the Dungeon.
You worshipped Ashenzari.
Ashenzari was noncommittal.
You visited 2 branches of the dungeon, and saw 7 of its levels.

You collected 262 gold pieces.

Inventory:

Hand Weapons
 c - a +1 mace of draining
 d - a +0 spear
 o - a +1 spectral quarterstaff (weapon)
Armour
 l - a +0 pair of gloves (worn)
 t - a +3 leather armour (worn)
Jewellery
 i - a ring of see invisible (left hand)
Scrolls
 e - 3 scrolls of amnesia
 j - 2 scrolls of immolation
 n - a scroll of enchant weapon
Potions
 b - 2 potions of cancellation
 f - 2 potions of flight
 h - a potion of brilliance
 m - a potion of degeneration
 r - 2 potions of ambrosia
 s - a potion of berserk rage


   Skills:
 + Level 5.4 Dodging
 - Level 1.7 Stealth
 + Level 5.1 Spellcasting
 + Level 7.4 Summonings
 + Level 2.8 Air Magic


You had 6 spell levels left.
You knew the following spells:

 Your Spells              Type           Power      Damage    Failure   Level
a - Summon Small Mammal   Summ           100%       N/A       1%          1
b - Call Imp              Summ           27%        N/A       1%          2
c - Call Canine Familiar  Summ           27%        N/A       2%          3
d - Summon Lightning Spi  Summ/Air       20%        N/A       24%         4

Your spell library contained the following spells:

 Spells                   Type           Power      Damage    Failure   Level
 Summon Guardian Golem    Hex/Summ       16%        N/A       13%         3
 Corona                   Hex            4%         N/A       21%         1
 Foxfire                  Conj/Fire      16%        2x1d4     21%         1
 Slow                     Hex            4%         N/A       30%         2
 Confusing Touch          Hex            4%         N/A       52%         3
 Conjure Flame            Conj/Fire      4%         6-21      52%         3
 Ignite Poison            Fire/Tmut/Pois 4%         N/A       52%         3
 Inner Flame              Hex/Fire       4%         N/A       52%         3
 Sticky Flame             Conj/Fire      4%         2d3       89%         4
 Yara's Violent Unravell  Hex/Tmut       2%         3d3       99%         5


Dungeon Overview and Level Annotations

Branches:
Dungeon (6/15)             Temple (1/1) D:5

Altars:
Ashenzari
Cheibriados
Dithmenos
Elyvilon
Fedhas
Gozag
Hepliaklqana
Kikubaaqudgha
Makhleb
Nemelex Xobeh
Okawaru
Qazlal
Uskayaw
Vehumet
Xom
Yredelemnul
Zin
The Shining One


Innate Abilities, Weirdness & Mutations

You are amphibious.
You cover ground slowly.
You can hop short distances.
You have an extended range of vision and can be seen from far away.


Message History

An orc comes into view. It is wielding a +0 morningstar.
Found a whip, a scroll of enchant weapon and a leather armour.
The orc shouts!
An adder comes into view.
The orc warrior hits you with a +0 mace!
* * * LOW HITPOINT WARNING * * *
Hop to where?
Press: ? - help, Dir - move target Boing!
Casting: Call Canine Familiar (dangerous; 2% risk of failure)
Confirm with . or Enter, or press ? or * to list all spells.
You swap places.
Your hound bites the orc warrior but does no damage.
The gnoll shouts!
Your hound barely misses the orc warrior.
The orc warrior hits your hound with a +0 mace!
Your hound barely misses the orc warrior.
Okay, then.
Okay, then.
Your hound bites the orc warrior.
The orc warrior hits your hound with a +0 mace!
Your hound bites the orc warrior.
You swap places.
The orc warrior closely misses you.
An orc opens the door.
The orc warrior hits you with a +0 mace!
* * * LOW HITPOINT WARNING * * *
Your hound bites the orc warrior.
Your hound bites the orc warrior but does no damage.
Something hits your hound.
Your hound dies!
Your hound's corpse disappears in a puff of smoke!
The orc warrior barely misses you.
Found a war axe.
The gnoll barely misses you. The gnoll hits you with a +0 flail.
* * * LOW HITPOINT WARNING * * *
The orc warrior closely misses you.
The gnoll sergeant shouts!
The gnoll sergeant barely misses you.
The gnoll sergeant hits you from afar with a +0 spear!
You die...

#####.........#. .......#.#####.#
o...####......#.#...............#
#..$...###g.###...........X..X..#
#.####...##.o# ............gggg.#
#....## ..##g##.[...............#
#..#...# ..#..##................#
##.# ...# .##g##.g.....##+#...#.#
#o## ...#..#o.o......... +[..+g.
#.)## ..##.####@..###.# #...#.#
##..## ..#.## #.#'## #...#.#
##..###.#..# #..... ....#.#
##.....#..# #... ... ....##..
####.....# #.... ....(...####
#####.# #.#..# '#######
#.###.#... .. #.).†.#.......
#####.#.......


You could see an orc warrior, a gnoll sergeant, a gnoll and an orc.

Vanquished Creatures
  Grinder (D:4)
  A centaur zombie (D:6)
  An orc priest (D:2)
  2 bullfrog skeletons (D:6)
  2 hounds (D:6)
  A hound zombie (D:5)
  An adder (D:2)
  A shadow imp (D:6)
  2 ufetubi
  2 dart slugs (D:3)
  A ball python (D:4)
  A bat (D:1)
  An endoplasm (D:4)
  A giant cockroach (D:4)
  3 hobgoblins
  4 frilled lizards
  2 rats (D:2)
27 creatures vanquished.

Vanquished Creatures (collateral kills)
  Sigmund (D:5)
  Eustachio (D:6)
  Menkaure (D:5)
  A hornet zombie (D:5)
  An ogre (D:5)
  A scorpion (D:5)
  An orc priest (D:5)
  4 adders
  2 shadow imps
  2 dart slugs
  18 orcs
  3 ball pythons
  5 endoplasms
  A giant cockroach (D:2)
  4 hobgoblins
  2 quokkas
  4 bats
  5 goblins
  4 kobolds
  A rat (D:3)
62 creatures vanquished.

Grand Total: 89 creatures vanquished

Notes
Turn   | Place    | Note
-------+----------+-------------------------------------------
     0 | D:1      | Mesmaeker13 the Barachi Summoner began the quest for the
                  | Orb.
     0 | D:1      | Reached XP level 1. HP: 13/13 MP: 3/3
   478 | D:1      | Reached skill level 5 in Summonings
   478 | D:1      | Reached XP level 2. HP: 19/19 MP: 1/5
   642 | D:1      | Found a faded altar of an unknown god.
   650 | D:1      | Got Plato's Tome of Malediction
  1193 | D:2      | Learned a level 2 spell: Call Imp
  1334 | D:2      | Reached XP level 3. HP: 24/24 MP: 1/7
  2158 | D:2      | Reached XP level 4. HP: 29/30 MP: 3/8
  2787 | D:2      | Learned a level 3 spell: Call Canine Familiar
  4245 | D:4      | Found a stormy altar of Qazlal.
  4248 | D:4      | Noticed Grinder
  4271 | D:4      | Killed Grinder
  4272 | D:4      | Reached skill level 6 in Summonings
  4272 | D:4      | Reached XP level 5. HP: 14/35 MP: 1/11
  4272 | D:4      | Reached XP level 6. HP: 16/41 MP: 1/12
  4891 | D:5      | Entered Level 5 of the Dungeon
  4902 | D:5      | Learned a level 4 spell: Summon Lightning Spire
  5145 | D:5      | Reached skill level 1 in Air Magic
  5373 | D:5      | Noticed Sigmund
  5382 | D:5      | Killed Sigmund
  5383 | D:5      | Reached XP level 7. HP: 46/46 MP: 9/13
  5527 | D:5      | Noticed Menkaure
  5542 | D:5      | Killed Menkaure
  5543 | D:5      | Reached skill level 7 in Summonings
  5731 | D:5      | Found a staircase to the Ecumenical Temple.
  5750 | Temple   | Entered the Ecumenical Temple
  5761 | Temple   | Became a worshipper of Ashenzari the Shackled
  5913 | D:5      | Reached skill level 5 in Dodging
  6402 | D:6      | Noticed Eustachio
  6521 | D:6      | Killed Eustachio
  6708 | D:6      | Noticed a nameless horror
  6770 | D:6      | Reached skill level 5 in Spellcasting
  6858 | D:6      | HP: 2/46 [orc warrior (11)]
  6867 | D:6      | HP: 1/46 [gnoll (3)]
  6875 | D:6      | Mangled by a gnoll sergeant

Illustrated notes

Levels and vault maps discovered:
D:1:      mrwooster_arrival_arrow, layout_loops_ring,
          shapermc_ecumenical_altar_rom_forum, skrybe_limestone_x
D:2:      layout_loops_ring
D:3:      layout_basic, serial_aquarium, aquarium_bridge_island_small
          [aquarium_subvault_small_open, aquarium_subvault_window,
          aquarium_subvault_bridge, aquarium_subvault_bridge,
          aquarium_subvault_wall], aquarium_bridge_long_joined
          [aquarium_subvault_window, aquarium_subvault_window,
          aquarium_subvault_balcony, aquarium_subvault_balcony,
          aquarium_subvault_bridge, aquarium_subvault_wall], aquarium_window_1,
          aquarium_window_fake, aquarium_view_2d, minmay_misc_feat_pillars,
          nicolae_underground_beach
D:4:      layout_rooms, nicolae_qazlal_scattered_showers, chequers_avenue,
          chequers_serial_rivers_micro_a, lemuel_another_geyser, uniq_grinder
D:5:      layout_basic, minmay_temple_entry_mist, uniq_menkaure, uniq_sigmund
D:6:      minmay_evil_eye, layout_basic, uniq_prince_ribbit1, uniq_eustachio,
          uniq_maggie
Temple:   grunt_wide_crystal_templ

Skill      XL: |  1  2  3  4  5  6  7 |
---------------+----------------------+-----
Summonings     | 5 6 7 |  7.4
Dodging        | 3 4 5 |  5.4
Spellcasting   | 3 4 5 |  5.1
Air Magic      | 1 2 |  2.8
Stealth        | |  1.7

Action                   |  1- 3 |  4- 6 |  7- 9 || total
-------------------------+-------+-------+-------++-------
Melee: Dagger            |    45 |    51 |       ||    96
       Unarmed           |     4 |       |       ||     4
       Mace              |       |    24 |    24 ||    48
       Quarterstaff      |       |       |    27 ||    27
 Cast: Summon Small Mamm |    30 |       |     1 ||    31
       Call Imp          |    21 |    29 |     4 ||    54
       Call Canine Famil |       |    11 |     8 ||    19
       Summon Lightning  |       |     2 |     4 ||     6
 Abil: Hop               |       |       |     2 ||     2
  Use: Scroll            |       |     5 |     4 ||     9
       Potion            |       |       |     2 ||     2
 Stab: Sleeping          |       |     3 |       ||     3
Armor: Robe              |     9 |    16 |     1 ||    26
       Skin              |       |       |    63 ||    63
       Leather armour    |       |       |    10 ||    10
Dodge: Dodged            |    31 |    60 |    50 ||   141
